 Dungeon Crawl Stone Soup version 0.22.1-2-g9c5b331383 (webtiles) character file.

241 McIrco the Sneak (level 5, -2/39 HPs)
             Began as a Vampire Fighter on Jan 5, 2019.
             Slain by an elf zombie (5 damage)
             ... in an ossuary.
             The game lasted 00:07:28 (2834 turns).

McIrco the Sneak (Vampire Fighter)                  Turns: 2834, Time: 00:07:29

Health: -2/39      AC:  7    Str: 14 (15) XL:     5   Next: 80%
Magic:  5/5        EV:  6    Int:  8 (10) God:
Gold:   101        SH:  9    Dex: 12 (15) Spells: 4/4 levels left

rFire    + . .     SeeInvis +   u - +1 dagger (drain)
rCold    + + .     Gourm    .   c - +0 shield
rNeg     + + .     Faith    .   b - +0 scale mail
rPois    +         Spirit   .   (no helmet)
rElec    +         Reflect  .   s - +0 cloak
rCorr    +         Harm     .   (no gloves)
MR       .....                  (no boots)
Stlth    ++++......             j - amulet of rage
HPRegen  0.06/turn              q - ring of stealth
MPRegen  0.09/turn              r - ring of poison resistance

@: resistant, berserk cooldown, regenerating slowly, slowed, very slow
A: fangs 3, see invisible, unbreathing
a: Bat Form, Evoke Berserk Rage


You were in an ossuary.
You were thirsty.

You visited 1 branch of the dungeon, and saw 4 of its levels.
You also visited: Ossuary.

You collected 101 gold pieces.

Inventory:

Hand Weapons
 a - a +0 long sword
 u - a +1 dagger of draining (weapon)
Armour
 b - a +0 scale mail (worn)
 c - a +0 shield (worn)
 s - a +0 cloak (worn)
Jewellery
 j - an amulet of rage (around neck)
 k - an uncursed ring of resist corrosion
 n - an uncursed ring of protection from magic {unknown}
 q - a ring of stealth (left hand)
 r - a ring of poison resistance (right hand)
Wands
 l - a wand of digging (8)
Scrolls
 g - a scroll of amnesia
 h - 4 scrolls of remove curse
 i - 5 scrolls of identify
 m - a scroll of teleportation {unknown}
Potions
 d - a potion of might
 e - 7 potions of blood
 t - a potion of curing {unknown}
 v - a potion of heal wounds {unknown}


   Skills:
 - Level 2.6 Fighting
 - Level 2.0 Long Blades
 - Level 2.4 Armour
 * Level 6.5 Stealth
 - Level 4.5 Shields


You had 4 spell levels left.
You didn't know any spells.
Your spell library was empty.

Dungeon Overview and Level Annotations

Branches:
Dungeon (4/15)
 Temple: D:4-7

Altars:


Innate Abilities, Weirdness & Mutations

You heal slowly.
You have razor-sharp teeth.
You have supernaturally acute eyesight. (SInv)
You can survive without breathing.


Message History

Evoke which item? (* to show all) (? for menu, Esc to quit)
Okay, then.
You hit the elf zombie but do no damage.
The elf zombie is lightly damaged.
The elf zombie hits you but does no damage.
You closely miss the elf zombie.
The elf zombie is lightly damaged.
You block the orc zombie's attack.
The elf zombie hits you but does no damage.
It was a potion of resistance.
You feel protected. The orc zombie barely misses you. The elf zombie hits you.
* * * LOW HITPOINT WARNING * * *
The orc zombie hits you.
* * * LOW HITPOINT WARNING * * *
It was a potion of degeneration.
There was something very wrong with that liquid.
You feel weakened.
You feel dopey.
You feel clumsy. The elf zombie hits you.
You die...

##############
#.............
#.............
#......#######
#.ZZ#### #.@##
#..# #..##
#...####
#......###
#.........
#.........
#......###
#...####


You could see an orc zombie and an elf zombie.

Vanquished Creatures
  An elf zombie (Ossuary)
  A big kobold zombie (Ossuary)
  7 adders
  An ooze (D:1)
  2 worms
  2 dart slugs (D:2)
  An orc (D:3)
  7 bats
  5 giant cockroaches
  8 goblins
  5 hobgoblins
  10 jackals
  10 kobolds
  6 frilled lizards
  2 hobgoblin zombies (Ossuary)
  2 jackal zombies (Ossuary)
  A kobold zombie (Ossuary)
  A quokka zombie (Ossuary)
  5 rats
  3 rat zombies (Ossuary)
80 creatures vanquished.

Notes
Turn   | Place    | Note
-------+----------+-------------------------------------------
     0 | D:1      | McIrco the Vampire Fighter began the quest for the Orb.
     0 | D:1      | Reached XP level 1. HP: 17/17 MP: 1/1
    81 | D:1      | Reached XP level 2. HP: 19/23 MP: 2/2
   380 | D:1      | Reached XP level 3. HP: 16/28 MP: 3/3
   656 | D:2      | Reached skill level 1 in Stealth
  1076 | D:2      | Reached XP level 4. HP: 34/34 MP: 4/4
  1153 | D:2      | Reached skill level 2 in Stealth
  1929 | D:3      | Reached skill level 3 in Stealth
  2032 | D:3      | Reached skill level 4 in Stealth
  2117 | D:3      | Reached XP level 5. HP: 18/39 MP: 5/5
  2714 | D:4      | Found a sand-covered staircase.
  2721 | D:4      | Noticed a sky beast
  2732 | Ossuary  | Entered an ossuary
  2800 | Ossuary  | Reached skill level 6 in Stealth
  2834 | Ossuary  | Slain by an elf zombie

Skill      XL: |  1  2  3  4  5 |
---------------+----------------+-----
Shields        | 3 4 |  4.5
Stealth        | 1 4 6 |  6.5
Fighting       | |  2.6
Long Blades    | |  2.0
Armour         | |  2.4

Action                   |  1- 3 |  4- 6 || total
-------------------------+-------+-------++-------
Melee: Long sword        |   116 |   117 ||   233
       Bite              |     7 |    20 ||    27
       Dagger            |       |    78 ||    78
 Abil: Evoke Berserk Rag |       |     1 ||     1
  Use: Potion            |       |     6 ||     6
       Scroll            |       |     4 ||     4
 Stab: Sleeping          |       |    11 ||    11
Armor: Scale mail        |    67 |    69 ||   136
Dodge: Dodged            |    34 |    74 ||   108
Block: Shield            |    71 |   112 ||   183
       Rpst.: Long sword |    14 |    14 ||    28
